 Dungeon Crawl Stone Soup version 0.27.1-4-g1640c2035a (webtiles) character file.

Game seed: 2760795501001480048

256 zeram the Shield-Bearer (level 6, 0/37 HPs)
             Began as a Gargoyle Fighter on Nov 12, 2021.
             Was an Initiate of Qazlal.
             Slain by Grinder (2 damage)
             ... while paralysed by Grinder
             ... on level 4 of the Dungeon.
             The game lasted 00:06:13 (4514 turns).

zeram the Shield-Bearer (Gargoyle Fighter)          Turns: 4514, Time: 00:06:13

Health: 0/37       AC: 13    Str: 27    XL:     6   Next: 15%
Magic:  6/6        EV:  2    Int:  9    God:    Qazlal [......]
Gold:   199        SH:  0    Dex: 15    Spells: 5/5 levels left

rFire    . . .     SeeInvis .   a - +1 flail
rCold    . . .     Faith    .   c - +0 kite shield
rNeg     + . .     Spirit   .   b - +0 scale mail
rPois    ∞         Reflect  .   k - +0 helmet
rElec    +         Harm     .   (no cloak)
rCorr    .         Rampage  .   (no gloves)
Will     .....                  (no boots)
Stlth    ..........             (no amulet)
HPRegen  0.12/turn              g - +6 ring of strength
MPRegen  0.10/turn              f - +6 ring of dexterity

@: paralysed, mighty
A: sickness immunity, AC +4, negative energy resistance 1, electricity
resistance, torment resistance 1, petrification resistance
a: Renounce Religion


You were on level 4 of the Dungeon.
You worshipped Qazlal.
Qazlal was noncommittal.
You visited 2 branches of the dungeon, and saw 5 of its levels.

You collected 199 gold pieces.

Inventory:

Hand Weapons
 a - a +1 flail (weapon)
Armour
 b - a +0 scale mail (worn)
 c - a +0 kite shield (worn)
 k - a +0 helmet (worn)
Jewellery
 f - a +6 ring of dexterity (right hand)
 g - a +6 ring of strength (left hand)
 o - a ring of positive energy
Wands
 e - a wand of digging (3)
 r - a wand of polymorph (8)
Potions
 d - a potion of curing
 i - a potion of mutation {unknown}
 j - a potion of resistance {unknown}
 m - a potion of attraction {unknown}
 n - a potion of brilliance {unknown}
 p - 2 potions of lignification {unknown}
 q - a potion of haste {unknown}


   Skills:
 - Level 3.2 Fighting
 - Level 2.0 Maces & Flails
 + Level 5.4 Armour
 + Level 5.9 Shields


You had 5 spell levels left.
You didn't know any spells.
Your spell library contained the following spells:

 Spells                   Type           Power      Damage    Failure   Level
 Foxfire                  Conj/Fire      0%         2x1d4     95%         1
 Conjure Flame            Conj/Fire      0%         6-21      100%        3
 Inner Flame              Hex/Fire       0%         N/A       100%        3
 Stone Arrow              Conj/Erth      0%         3d7       100%        3
 Animate Armour           Summ/Erth      0%         N/A       100%        4
 Lehudib's Crystal Spear  Conj/Erth      0%         10d2      100%        8


Dungeon Overview and Level Annotations

Branches:
Dungeon (4/15)             Temple (1/1) D:4

Altars:
Ashenzari
Cheibriados
Dithmenos
Elyvilon
Fedhas
Gozag
Hepliaklqana
Kikubaaqudgha
Nemelex Xobeh
Okawaru
Qazlal
Ru
Sif Muna
Wu Jian
Xom
Yredelemnul
Zin

Shops:
D:1 :   D:3 *[

Annotations:
D:4 Grinder


Innate Abilities, Weirdness & Mutations

You are immune to sickness and miasma.
Your stone body is resilient. (AC +4)
You are immune to poison.
You resist negative energy. (rN+)
You are resistant to electric shocks. (rElec)
You are resistant to unholy torment.
You are immune to petrification.


Message History

Grinder blinks!
The orc priest looks encouraged for a moment.
You hit the orc priest but do no damage.
The orc priest is moderately wounded.
You block the orc priest's attack.
You sock the orc priest!
The orc priest is almost dead.
The orc priest calls down the wrath of Beogh upon you.
Beogh smites you! Grinder hits you. You block the orc priest's attack.
You closely miss the orc priest.
The orc priest is almost dead.
You block Grinder's attack.
The orc priest hits you but does no damage.
Grinder gestures at you.
You barely resist. You sock the orc priest!
You kill the orc priest!
Qazlal accepts your kill.
Grinder says, "DUCK!"
Grinder gestures at you. Pain shoots through your body!
Unknown command.
Grinder hits you.
You writhe in agony.
* * * LOW HITPOINT WARNING * * *
Things that are here:
a +0 hand axe; an orc corpse You feel very mighty all of a sudden.
Grinder blinks!
Grinder blinks!
Grinder blinks!
An orc comes into view. It is wielding a +0 hand axe.
You sock Grinder!
Grinder is moderately wounded.
Grinder gestures at you.
You suddenly lose the ability to move!
Grinder says, "DUCK!"
Grinder hits you!
* * * LOW HITPOINT WARNING * * *
You writhe in agony.
You die...

***** ***##** *,,,* **#,...,*
*,,,* *.#....,* *,,,*
#######.....,,* # *,,,*
#####.....5.#,,,,,* # *,,,*
#........@..#,,,,,* #
*,,,****.###..)....#,,*,** #
,,,,,,,,,* ###'###.#..#.#########
*******#######>..................
#.,,............#.##.######.#.
#..,#######.#####...,* #.#. #..,*
#.# **###* #.#. #..,* #.# #.#.
##.#**######.############# #.#.


You could see Grinder.

Vanquished Creatures
  2 orc priests
  A centaur skeleton (D:4)
  Ijyb (D:4)
  Robin (D:4)
  6 adders
  2 dart slugs
  4 orcs (D:3)
  7 ball pythons
  4 bats
  4 endoplasms
  3 giant cockroaches
  13 goblins
  8 hobgoblins
  2 jackals (D:2)
  6 kobolds
  A quokka (D:1)
  5 frilled lizards
  4 rats
74 creatures vanquished.

Notes
Turn   | Place    | Note
-------+----------+-------------------------------------------
     0 | D:1      | zeram the Gargoyle Fighter began the quest for the Orb.
     0 | D:1      | Reached XP level 1. HP: 14/14 MP: 1/1
   140 | D:1      | Found Zovaof's Book Boutique.
   235 | D:1      | Found a faded altar of an unknown god.
   271 | D:1      | Reached XP level 2. HP: 19/19 MP: 2/2
   926 | D:1      | Reached XP level 3. HP: 21/23 MP: 3/3
  1352 | D:2      | Found a broken altar of Ashenzari.
  1820 | D:2      | Reached XP level 4. HP: 25/28 MP: 4/4
  2477 | D:3      | Reached skill level 5 in Shields
  2688 | D:3      | Found Osugromo's General Store.
  2729 | D:3      | Reached XP level 5. HP: 31/32 MP: 5/5
  2799 | D:3      | Found Porrar's Armour Boutique.
  3191 | D:4      | Noticed Ijyb
  3192 | D:4      | Noticed an ice beast
  3530 | D:4      | Found a sparkling altar of Nemelex Xobeh.
  3575 | D:4      | Found a staircase to the Ecumenical Temple.
  3576 | D:4      | Noticed Robin
  3788 | Temple   | Entered the Ecumenical Temple
  3984 | Temple   | Became a worshipper of Qazlal Stormbringer
  3997 | D:4      | Killed Robin
  3998 | D:4      | Reached skill level 5 in Armour
  4182 | D:4      | Paralysed by Ijyb for 5 turns
  4196 | D:4      | Paralysed by Ijyb for 7 turns
  4209 | D:4      | Killed Ijyb
  4343 | D:4      | Found a hazy altar of Hepliaklqana.
  4374 | D:4      | Found an ancient bone altar of Kikubaaqudgha.
  4387 | D:4      | Reached XP level 6. HP: 35/37 MP: 6/6
  4493 | D:4      | Noticed Grinder
  4499 | D:4      | Paralysed by Grinder for 4 turns
  4513 | D:4      | Paralysed by Grinder for 5 turns
  4514 | D:4      | Slain by Grinder

Illustrated notes

Levels and vault maps discovered:
D:1:      ebering_trefoil_twist, layout_basic, serial_shops, shop_statue,
          shapermc_ecumenical_altar_flowoftime, hex_large,
          kennysheep_decorative_pillar, item_on_display_a
D:2:      layout_basic, basic_altar
D:3:      layout_rooms, serial_glass, glass_columns_b, glass_columns_b,
          glass_columns_b, glass_columns_a, glass_columns_a, glass_columns_b,
          glass_columns_b, glass_columns_a, serial_shops, shop, shop,
          st_stairs_1, amethyst_killhole, nrook_uturn, minmay_starry_boxes
D:4:      layout_basic, mainiacjoe_overflow_concentric_impassable,
          grunt_temple_overflow_open, minmay_temple_entry_waves,
          minmay_circle_x, uniq_ijyb, uniq_robin, uniq_grinder
Temple:   cyrus_circular_temple

Skill      XL: |  1  2  3  4  5 |
---------------+----------------+-----
Shields        | 4 5 |  5.9
Armour         | 4 5 |  5.4
Fighting       | |  3.2
Maces & Flails | |  2.0

Action                   |  1- 3 |  4- 6 || total
-------------------------+-------+-------++-------
Melee: Flail             |   149 |   149 ||   298
  Use: Potion            |     1 |     1 ||     2
       Scroll            |     3 |     5 ||     8
Armor: Scale mail        |   151 |   118 ||   269
Dodge: Dodged            |    78 |    57 ||   135
Block: Kite shield       |   116 |   136 ||   252
